 Dungeon Crawl Stone Soup version 0.21.1-1-g345015fe64 (webtiles) character file.

2866 HooM the Cleaver (level 9, -5/75 HPs)
             Began as a Hill Orc Fighter on Mar 11, 2018.
             Was a Believer of Ashenzari.
             Slain by an ice beast (10 damage)
             ... summoned by a shadow demon
             ... created by the darkness of Dithmenos
             ... on level 7 of the Dungeon.
             The game lasted 00:52:08 (7320 turns).

HooM the Cleaver (Hill Orc Fighter)                 Turns: 7320, Time: 00:52:09

Health: -5/75      AC: 20    Str: 27    XL:     9   Next: 75%
Magic:  9/9        EV:  8    Int:  8    God:    Ashenzari [**....]
Gold:   495        SH: 11    Dex: 10    Spells: 8/8 levels left

rFire    . . .     SeeInvis +   l - +0 war axe
rCold    x x .     Gourm    .   I - +0 shield
rNeg     . . .     Faith    .   w - +5 chain mail
rPois    .         Spirit   .   t - +2 helmet {SInv}
rElec    .         Reflect  .   (no cloak)
rCorr    .         Harm     .   (no gloves)
MR       .....                  m - +0 pair of boots
Stlth    ..........             b - amulet of rage
HPRegen  0.22/turn              z - ring of stealth
MPRegen  0.11/turn              A - ring of wizardry

@: mighty, hasted, very quick
A: [cold vulnerability 2]
a: Curse Item, Scrying, Renounce Religion, Evoke Berserk Rage


You were on level 7 of the Dungeon.
You worshipped Ashenzari.
Ashenzari was pleased with you.
You were hungry.

You visited 2 branches of the dungeon, and saw 8 of its levels.

You collected 495 gold pieces.

Inventory:

Hand Weapons
 l - a +0 war axe (weapon)
Missiles
 j - 214 stones (quivered)
Armour
 m - a +0 pair of boots (worn)
 t - a +2 helmet of see invisible (worn)
 w - a +5 chain mail (worn)
 I - a +0 shield (worn)
Jewellery
 b - an amulet of rage (around neck)
 q - an uncursed amulet of the gourmand
 z - a ring of stealth (left hand)
 A - a ring of wizardry (right hand)
Wands
 c - a wand of flame (17)
 u - a wand of disintegration (20)
 B - a wand of polymorph (10)
 E - a wand of digging (19)
Scrolls
 a - 2 scrolls of blinking {unknown}
 h - 3 scrolls of magic mapping
 k - 4 scrolls of remove curse
 n - a scroll of noise
 r - 3 scrolls of amnesia
 v - a scroll of teleportation {unknown}
 y - a scroll of fog {unknown}
 C - 2 scrolls of fear {unknown}
 D - a scroll of random uselessness {unknown}
 F - a scroll of immolation {unknown}
 G - a scroll of enchant weapon {unknown}
 H - a scroll of silence {unknown}
Potions
 d - 2 potions of might
 e - 2 potions of haste
 g - 5 potions of degeneration
 i - a potion of curing
 o - a potion of heal wounds {unknown}
 p - 3 potions of flight {unknown}
 s - a potion of agility {unknown}
 x - a potion of brilliance {unknown}
Books
 J - a book of the Dragon

   Spells                             Type                      Level
   a - Flame Tongue                   Conjuration/Fire             1
   b - Cause Fear                     Hexes                        4
   c - Bolt of Fire                   Conjuration/Fire             6
   d - Dragon Form                    Transmutation                7
   e - Dragon's Call                  Summoning                    9
Comestibles
 f - 13 rations


   Skills:
 + Level 6.2 Fighting
 + Level 10.8 Axes
 + Level 2.0 Throwing
 + Level 7.1 Armour
 + Level 2.0 Dodging
 + Level 0.8 Stealth
 + Level 7.5 Shields


You had 8 spell levels left.
You didn't know any spells.

Dungeon Overview and Level Annotations

Branches:
Dungeon (7/15)             Temple (1/1) D:5

Altars:
Ashenzari
Cheibriados
Dithmenos
Elyvilon
Fedhas
Gozag
Hepliaklqana
Kikubaaqudgha
Makhleb
Nemelex Xobeh
Okawaru
Qazlal
Ru
Sif Muna
Trog
Uskayaw
Vehumet
Wu Jian
Xom
Yredelemnul
Zin

Shops:
D:4 (


Innate Abilities, Weirdness & Mutations

[You are very vulnerable to cold. (rC--)]


Message History

The ice beast hits you but does no damage.
You closely miss the ice beast.
The orc priest invokes the aid of Dithmenos against you.
Dithmenos smites you!
The shadow demon gestures.
The soul eater draws from the surrounding life force!
The ice beast hits you. The ice beast freezes you!
You feel a terrible chill!
You feel yourself speed up. You block the ice beast's attack.
You feel very mighty all of a sudden.
You feel better.
You are no longer corroded.
The ice beast hits you. The ice beast freezes you!!
You feel a terrible chill!
* * * LOW HITPOINT WARNING * * *
The orc priest invokes the aid of Dithmenos against you.
Dithmenos smites you!
* * * LOW HITPOINT WARNING * * *
You feel better. The ice beast hits you.
* * * LOW HITPOINT WARNING * * *
The ice beast freezes you!
You feel a terrible chill!
You die...

#.....2...####
##.......# ##...l3####
####..### ##..o...#
#..# # #......4# #..#
# ##....22.## ...# #
#.........# #
#.....g4ยง4## * .
##.....lo42###########
,
##..#.oh322YY@.......
, #####g43############
##.### ##..### , ,
###.....## *
##........#
#.........# * *
#.........##
#..>.......#


You could see 3 shadow demons, an orange demon, an ice devil, 2 sixfirhies, a
red devil, 2 ice beasts, an iguana, a hound, an orc priest, a gnoll and an orc.

Vanquished Creatures
  A deep elf mage (D:7)
  Eustachio (D:6)
  Edmund (D:6)
  An ice beast (D:5)
  An orc warrior (D:7)
  4 ogres
  The ghost of Ikesh the Stinger, an amateur NaVM (D:3)
  3 centaurs
  2 bullfrogs
  A water moccasin zombie (D:6)
  3 scorpions
  2 howler monkeys
  3 crimson imps
  A quasit (D:6)
  2 orc priests
  A gnoll shaman (D:7)
  2 hounds
  5 jellies
  2 bullfrog skeletons
  Terence (D:3)
  An iguana (D:6)
  5 worker ants
  A worker ant zombie (D:5)
  A howler monkey zombie (D:7)
  Robin (D:3)
  4 gnolls (D:7)
  6 adders
  A shadow imp (D:7)
  2 oozes
  2 worms
  A dart slug (D:2)
  An adder simulacrum (D:7)
  7 leopard geckos
  14 orcs
  7 giant cockroaches
  22 goblins
  9 hobgoblins
  7 jackals
  A quokka (D:6)
  4 ball pythons
  6 bats
  5 frilled lizards
  A giant cockroach zombie (D:5)
  A jackal skeleton (D:4)
  11 kobolds
  A leopard gecko skeleton (D:4)
  A quokka skeleton (D:4)
  7 rats
168 creatures vanquished.

Vanquished Creatures (others)
  5 dream sheep (D:3)
  An orc wizard (D:5)
  A goblin (D:3)
7 creatures vanquished.

Grand Total: 175 creatures vanquished

Notes
Turn   | Place    | Note
-------+----------+-------------------------------------------
     0 | D:1      | HooM the Hill Orc Fighter began the quest for the Orb.
     0 | D:1      | Reached XP level 1. HP: 19/19 MP: 1/1
   218 | D:1      | Reached XP level 2. HP: 27/27 MP: 2/2
   368 | D:1      | Reached skill level 3 in Axes
   980 | D:2      | Reached skill level 1 in Throwing
   980 | D:2      | Reached XP level 3. HP: 33/33 MP: 3/3
  1045 | D:2      | Found a sparkling altar of Nemelex Xobeh.
  1049 | D:2      | Became a worshipper of Nemelex Xobeh the Trickster
  1406 | D:2      | Received a gift from Nemelex Xobeh
  1432 | D:2      | Reached XP level 4. HP: 39/40 MP: 4/4
  1456 | D:2      | Found a shattered altar of Ashenzari.
  1469 | D:2      | Fell from the grace of Nemelex Xobeh
  1469 | D:2      | Became a worshipper of Ashenzari the Shackled
  1677 | D:2      | Found a snail-covered altar of Cheibriados.
  1967 | D:3      | Reached XP level 5. HP: 46/46 MP: 5/5
  1987 | D:3      | Noticed Robin
  2002 | D:3      | Reached skill level 4 in Axes
  2012 | D:3      | Killed Robin
  2061 | D:3      | Found a white marble altar of Elyvilon.
  2195 | D:3      | Found a shimmering altar of Xom.
  2195 | D:3      | Noticed a dream sheep
  2195 | D:3      | Noticed a dream sheep
  2195 | D:3      | Noticed a dream sheep
  2195 | D:3      | Noticed a dream sheep
  2195 | D:3      | Noticed a dream sheep
  2201 | D:3      | Killed a dream sheep
  2202 | D:3      | Killed a dream sheep
  2202 | D:3      | Killed a dream sheep
  2202 | D:3      | Killed a dream sheep
  2202 | D:3      | Killed a dream sheep
  2430 | D:3      | Found a shadowy altar of Dithmenos.
  2540 | D:3      | Reached * piety under Ashenzari
  2665 | D:3      | Noticed Terence
  2674 | D:3      | Killed Terence
  2937 | D:3      | Noticed Ikesh's ghost (amateur NaVM)
  2953 | D:3      | Killed Ikesh's ghost
  2953 | D:3      | Reached skill level 5 in Axes
  2953 | D:3      | Reached XP level 6. HP: 34/52 MP: 6/6
  3279 | D:4      | Found a hazy altar of Hepliaklqana.
  3305 | D:4      | Reached skill level 6 in Axes
  3311 | D:4      | Found Soniunka's Weapon Shop.
  3419 | D:4      | Found a deep blue altar of Sif Muna.
  3442 | D:4      | Reached skill level 5 in Shields
  3442 | D:4      | Reached XP level 7. HP: 60/60 MP: 7/7
  3550 | D:4      | Reached skill level 1 in Dodging
  3723 | D:5      | Entered Level 5 of the Dungeon
  3756 | D:5      | Reached skill level 5 in Armour
  3820 | D:5      | Found a staircase to the Ecumenical Temple.
  3829 | Temple   | Entered the Ecumenical Temple
  4137 | D:5      | Reached skill level 7 in Axes
  4460 | D:5      | Reached XP level 8. HP: 40/67 MP: 8/8
  4580 | D:5      | Reached skill level 5 in Fighting
  4604 | D:5      | Found a bloodstained altar of Trog.
  4844 | D:5      | Found an ancient bone altar of Kikubaaqudgha.
  4986 | D:5      | Found a blossoming altar of Fedhas.
  5225 | D:5      | Found a white marble altar of Elyvilon.
  5302 | D:6      | Reached skill level 8 in Axes
  5549 | D:6      | Noticed Eustachio
  5719 | D:6      | Killed Eustachio
  5719 | D:6      | Reached skill level 9 in Axes
  5862 | D:6      | Reached XP level 9. HP: 53/75 MP: 9/9
  5909 | D:6      | Found an opulent altar of Gozag.
  6107 | D:6      | Noticed Edmund
  6156 | D:6      | Killed Edmund
  6790 | D:7      | Reached skill level 10 in Axes
  6991 | D:7      | Reached ** piety under Ashenzari
  7043 | D:7      | Noticed a deep elf mage
  7061 | D:7      | Killed a deep elf mage
  7281 | D:7      | Noticed a shadow demon
  7281 | D:7      | Noticed a shadow demon
  7281 | D:7      | Noticed a shadow demon
  7286 | D:7      | Noticed a rust devil
  7286 | D:7      | Noticed an ice devil
  7289 | D:7      | Noticed a hellwing
  7293 | D:7      | Noticed a rust devil
  7294 | D:7      | Noticed a soul eater
  7295 | D:7      | Noticed an orange demon
  7311 | D:7      | Noticed a sixfirhy
  7311 | D:7      | Noticed an ice devil
  7316 | D:7      | Noticed a sixfirhy
  7316 | D:7      | Noticed a red devil
  7319 | D:7      | HP: 3/75 [orc priest/divine providence[the darkness of Dithmenos] (11)]
  7320 | D:7      | Slain by an ice beast

Skill      XL: |  1  2  3  4  5  6  7  8  9 |
---------------+----------------------------+-----
Axes           | 3 5 6 7 9 10 | 10.8
Throwing       | 1 2 |  2.0
Fighting       | 4 5 6 |  6.2
Armour         | 4 5 6 7 |  7.1
Shields        | 4 5 6 7 |  7.5
Dodging        | 1 2 |  2.0
Stealth        | |  0.8

Action                   |  1- 3 |  4- 6 |  7- 9 || total
-------------------------+-------+-------+-------++-------
Melee: War axe           |    89 |   255 |   477 ||   821
Throw: Stone             |     4 |       |    85 ||    89
Evoke: Deck              |     6 |       |       ||     6
       Box of beasts     |       |       |     1 ||     1
  Use: Scroll            |     3 |     3 |     3 ||     9
       Potion            |       |       |     6 ||     6
  Eat: Chunk             |     2 |     8 |    10 ||    20
       Ration            |       |       |     1 ||     1
Armor: Scale mail        |     8 |       |       ||     8
       Chain mail        |    56 |   167 |   326 ||   549
       Skin              |       |       |    25 ||    25
Dodge: Dodged            |    20 |    63 |   138 ||   221
Block: Shield            |    58 |   150 |   342 ||   550
